 Dungeon Crawl Stone Soup version 0.28.0-53-g5a82cb258f (webtiles) character file.

Game seed: 9269217455968180433

4342 Legadrian the Blocker (level 10, -17/88 HPs)
             Began as a Human Fighter on June 23, 2022.
             Was a Follower of the Shining One.
             Demolished by a skeletal warrior
             ... wielding a +0 battleaxe
             ... led by a skeletal warrior
              (18 damage)
             ... on level 7 of the Dungeon on June 29, 2022.
             The game lasted 00:44:36 (12062 turns).

Legadrian the Blocker (Human Fighter)              Turns: 12062, Time: 00:44:37

Health: -17/88     AC: 19    Str: 22    XL:     10   Next: 59%
Magic:  10/10      EV:  5    Int:  6    God:    the Shining One [*.....]
Gold:   442        SH: 19    Dex: 12    Spells: 9/9 levels left

rFire   + . .      SeeInvis .   M - +3 hand axe (freeze)
rCold   + + .      Faith    .   F - +0 tower shield
rNeg    . . .      Spirit   .   B - +0 chain mail
rPois   .          Reflect  +   d - +2 hat
rElec   .          Harm     .   E - scarf {rC+ rF+}
rCorr   .          Rampage  .   (no gloves)
Will    .....                   q - +1 pair of boots
Stlth   ..........              Q - amulet of reflection
HPRegen 0.24/turn               o - +4 ring of protection
MPRegen 0.12/turn               (no ring)

@: about to teleport, glowing
A: cold resistance 1, dopey 1, robust 1
a: Renounce Religion, Divine Shield


You were on level 7 of the Dungeon.
You worshipped the Shining One.
The Shining One was aware of your devotion.
You visited 1 branch of the dungeon, and saw 8 of its levels.

You collected 442 gold pieces.

Inventory:

Hand Weapons
 a - a +0 flail
 e - a +1 whip of freezing
 k - a +0 spectral club
 x - a +0 mace
 L - a +4 hand axe
 M - a +3 hand axe of freezing (weapon)
 R - a +1 scimitar of freezing
Missiles
 h - 42 arrows
 l - 249 stones (quivered)
 t - 104 sling bullets
 A - 6 javelins
 H - 34 bolts
 I - 14 poisoned darts
 N - a throwing net
Armour
 b - a +0 scale mail
 c - a +0 buckler
 d - a +2 hat (worn)
 q - a +1 pair of boots (worn)
 u - a +0 hat
 B - a +0 chain mail (worn)
 E - a scarf of resistance (worn)
 F - a +0 tower shield (worn)
 P - a +0 helmet
Magical Staves
 v - a staff of fire
Jewellery
 o - a +4 ring of protection (left hand)
 Q - an amulet of reflection (around neck)
 S - an amulet of magic regeneration
Wands
 f - a wand of iceblast (4)
 K - a wand of flame (22)
Scrolls
 g - a scroll of immolation
 j - a scroll of fear
 r - 5 scrolls of teleportation
 s - 2 scrolls of fog
 y - a scroll of enchant weapon {unknown}
 z - a scroll of amnesia
 C - a scroll of acquirement {unknown}
 J - a scroll of vulnerability {unknown}
Potions
 i - 2 potions of degeneration
 m - 7 potions of curing
 n - a potion of brilliance
 p - a potion of haste {unknown}
 w - a potion of cancellation {unknown}
 T - a potion of flight {unknown}
Miscellaneous
 D - a tin of tremorstones (2/2)


   Skills:
 + Level 7.8 Fighting
 - Level 6.7(7.2) Axes
 - Level 3.6(5.6) Maces & Flails
 + Level 7.7 Armour
 + Level 8.3 Shields


You had 9 spell levels left.
You didn't know any spells.
Your spell library contained the following spells:

 Spells                   Type           Power      Damage    Failure   Level
 Blink                    Tloc           0%         N/A       100%        2
 Confusing Touch          Hex            0%         N/A       100%        3
 Lesser Beckoning         Tloc           0%         N/A       100%        3
 Olgreb's Toxic Radiance  Pois           0%         N/A       100%        4
 Manifold Assault         Tloc           0%         N/A       100%        5
 Yara's Violent Unravell  Hex/Tmut       0%         3d3       100%        5
 Enfeeble                 Hex            0%         N/A       100%        7
 Ozocubu's Refrigeration  Ice            0%         4d5       100%        7
 Ignition                 Fire           0%         3d3       100%        8


Dungeon Overview and Level Annotations

Branches:
Dungeon (8/15)             Temple (0/1) D:5
   Lair: D:8-11

Altars:
Ashenzari
Gozag
Hepliaklqana
Qazlal
Wu Jian
The Shining One

Shops:
D:5 [


Innate Abilities, Weirdness & Mutations

Your flesh is cold resistant. (rC+)
You are dopey. (Int -2)
You are robust. (+10% HP)


Message History

The skeletal warrior barely misses you.
There is a stone staircase leading up, spattered with blood here.
You block the skeletal warrior's attack. x2
The skeletal warrior hits you with a +0 dire flail!
You climb upwards.
There is a stone staircase leading down here.
You hit the skeletal warrior but do no damage.
You hit the skeletal warrior.
You hit the skeletal warrior but do no damage.
You block the skeletal warrior's attack.
The skeletal warrior hits you with a +0 battleaxe!
You block the skeletal warrior's attack.
You fail to use your ability.
The skeletal warrior barely misses you.
You block the skeletal warrior's attack. x2
As you read the scroll of teleportation, it crumbles to dust.
You feel strangely unstable.
The skeletal warrior hits you with a +0 scimitar!
You block the skeletal warrior's attack.
The skeletal warrior hits you with a +0 dire flail!
You hit the skeletal warrior but do no damage.
You hit the skeletal warrior. You barely miss the skeletal warrior.
The skeletal warrior hits you but does no damage.
You block the skeletal warrior's attack.
The skeletal warrior hits you with a +0 dire flail!
* * * LOW HITPOINT WARNING * * *
You block the skeletal warrior's attack.
You completely miss the skeletal warrior.
You hit the skeletal warrior but do no damage. x2
The skeletal warrior hits you with a +0 battleaxe!
* * * LOW HITPOINT WARNING * * *
You block the skeletal warrior's attack.
The skeletal warrior hits you with a +0 scimitar.
* * * LOW HITPOINT WARNING * * *
You hit the skeletal warrior but do no damage.
You completely miss the skeletal warrior.
You hit the skeletal warrior but do no damage.
You block the skeletal warrior's attack. x2
The skeletal warrior barely misses you.
The skeletal warrior hits you with a +0 battleaxe!!
You die...

#.# ##.###.# #..
#.###.#.##.###### ###
#.##.###........# #
#.###.#......##.## #
#......##...##...## #
#####.####.##.....#####
#)# #.###.........
#z####.# ##.#######
#z@z...# ### ########


You could see 3 skeletal warriors.

Vanquished Creatures
  A two-headed ogre (D:7)
  A skeletal warrior (D:7)
  Pikel (D:5)
  Joseph (D:8)
  Sigmund (D:5)
  3 water moccasins
  An orc warrior (D:8)
  5 ogres
  A kobold brigand (D:6)
  A bullfrog (D:7)
  4 scorpions
  4 wights (D:6)
  A howler monkey (D:6)
  A crimson imp (D:4)
  4 hounds
  2 bullfrog skeletons
  An iguana (D:6)
  2 jellies
  2 gnoll shamans
  3 orc priests
  Ijyb (D:5)
  4 orc wizards
  13 gnolls
  8 adders
  3 white imps
  2 adder skeletons
  2 worms
  4 dart slugs
  17 orcs
  7 endoplasms
  2 giant cockroaches (D:1)
  6 goblins
  3 hobgoblins
  5 quokkas
  13 ball pythons
  6 bats
  2 frilled lizards (D:1)
  A goblin skeleton (D:4)
  4 hobgoblin zombies (D:4)
  7 kobolds
  A kobold zombie (D:4)
  2 orc skeletons (D:4)
  An orc zombie (D:4)
  5 rats
159 creatures vanquished.

Notes
Turn   | Place    | Note
-------+----------+-------------------------------------------
     0 | D:1      | Legadrian the Human Fighter began the quest for the Orb.
     0 | D:1      | Reached XP level 1. HP: 18/18 MP: 1/1
   152 | D:1      | Found a faded altar of an unknown god.
   623 | D:1      | Reached XP level 2. HP: 24/24 MP: 2/2
  1272 | D:1      | Reached XP level 3. HP: 27/30 MP: 3/3
  2530 | D:2      | Reached XP level 4. HP: 37/38 MP: 4/4
  2989 | D:3      | Found a broken altar of Ashenzari.
  3155 | D:3      | Noticed a scorpion
  3178 | D:3      | Killed a scorpion
  3179 | D:3      | Reached skill level 5 in Fighting
  3179 | D:3      | Reached XP level 5. HP: 14/45 MP: 5/5
  4653 | D:4      | Found a glowing golden altar of the Shining One.
  4707 | D:4      | Reached XP level 6. HP: 50/51 MP: 6/6
  4849 | D:4      | Became a worshipper of the Shining One
  4946 | D:4      | Reached skill level 5 in Armour
  5005 | D:4      | Reached XP level 7. HP: 21/56 MP: 7/7
  5273 | D:4      | Reached skill level 4 in Shields
  5953 | D:5      | Entered Level 5 of the Dungeon
  5953 | D:5      | Noticed a water moccasin
  5978 | D:5      | Killed a water moccasin
  5979 | D:5      | Reached skill level 5 in Shields
  6212 | D:5      | Reached skill level 6 in Shields
  6212 | D:5      | Reached XP level 8. HP: 37/63 MP: 8/8
  6348 | D:5      | Found a staircase to the Ecumenical Temple.
  6632 | D:5      | Found an opulent altar of Gozag.
  6662 | D:5      | Noticed Sigmund
  6898 | D:5      | Killed Sigmund
  6914 | D:5      | Found Dydghami's Armour Shop.
  6937 | D:5      | Noticed Ijyb
  6961 | D:5      | Noticed Pikel
  7008 | D:5      | Killed Ijyb
  7063 | D:5      | Killed Pikel
  7064 | D:5      | Reached skill level 7 in Shields
  7064 | D:5      | Reached XP level 9. HP: 29/71 MP: 9/9
  7604 | D:5      | Found a large runed translucent door.
  7604 | D:5      | Found a large runed translucent door.
  7861 | D:5      | Found an ornate altar of the Wu Jian Council.
  7887 | D:5      | Found a hazy altar of Hepliaklqana.
  8419 | D:6      | Reached * piety under the Shining One
  9039 | D:6      | Reached skill level 1 in Axes
 10070 | D:7      | Noticed a two-headed ogre
 10653 | D:7      | Reached XP level 10. HP: 79/79 MP: 10/10
 10662 | D:7      | Found a stormy altar of Qazlal.
 10734 | D:7      | Killed a two-headed ogre
 10985 | D:7      | Gained mutation: You are frail. (-10% HP) [potion of
                  | mutation]
 10985 | D:7      | Gained mutation: You are very frail. (-20% HP) [potion of
                  | mutation]
 11079 | D:7      | Lost mutation: You are very frail. (-20% HP) [potion of
                  | mutation]
 11079 | D:7      | Lost mutation: You are frail. (-10% HP) [potion of
                  | mutation]
 11079 | D:7      | Gained mutation: You tend to lose your temper in combat.
                  | [potion of mutation]
 11079 | D:7      | Gained mutation: Your magical capacity is low. (-10% MP)
                  | [potion of mutation]
 11080 | D:7      | Lost mutation: Your magical capacity is low. (-10% MP)
                  | [potion of mutation]
 11080 | D:7      | Lost mutation: You tend to lose your temper in combat.
                  | [potion of mutation]
 11080 | D:7      | Gained mutation: You are dopey. (Int -2) [potion of
                  | mutation]
 11080 | D:7      | Gained mutation: You are robust. (+10% HP) [potion of
                  | mutation]
 11080 | D:7      | Gained mutation: Your flesh is cold resistant. (rC+)
                  | [potion of mutation]
 11275 | D:8      | Noticed Joseph
 11299 | D:8      | Killed Joseph
 11300 | D:8      | Reached skill level 8 in Shields
 11579 | D:8      | Noticed a skeletal warrior
 11579 | D:8      | Noticed a skeletal warrior
 11579 | D:8      | Noticed a skeletal warrior
 11579 | D:8      | Noticed a skeletal warrior
 11823 | D:7      | Killed a skeletal warrior
 12061 | D:7      | HP: 1/88 [skeletal warrior/+0 scimitar[a skeletal warrior]
                  | (5)]
 12062 | D:7      | Demolished by a skeletal warrior

Illustrated notes

Levels and vault maps discovered:
D:1:      doesnt_arrival_eight_statues, layout_loops_corners,
          hellmonk_ecumenical_altar_lost_god, serial_forest,
          infiniplex_forest_straight_4, infiniplex_forest_join,
          infiniplex_forest_clump_medium, infiniplex_forest_lined_4_way,
          infiniplex_forest_end_2, infiniplex_forest_clump_double,
          infiniplex_forest_lined_2
D:2:      layout_loops_corners
D:3:      layout_basic, lemuel_coloured_pillars_altar
D:4:      layout_basic, nicolae_tso_besieged_by_evil, minmay_checkerbox
D:5:      layout_loops_ring, nicolae_gozag_seed_capital, jmf_multi_god_temple2,
          minmay_temple_entry_glassed_door, serial_shops,
          nicolae_inconvenience_store, uniq_ijyb, uniq_pikel, uniq_sigmund
D:6:      layout_basic, serial_corexii_hall, corexii_hall_statues_l,
          corexii_hall_statues_u, kennysheep_generic_room_13
D:7:      layout_loops_corners, nicolae_qazlal_scattered_showers, dk_vineyard_1
D:8:      layout_gridville, minmay_overflow_temple_star_quad,
          gammafunk_ghost_smash, uniq_erica, uniq_joseph

Skill      XL: |  1  2  3  4  5  6  7  8  9 10 |
---------------+-------------------------------+-----
Fighting       | 4 5 6 7 |  7.8
Armour         | 5 6 7 |  7.7
Shields        | 6 7 8 |  8.3
Maces & Flails | 3 |  3.6
Axes           | 4 6 |  6.7

Action                   |  1- 3 |  4- 6 |  7- 9 | 10-12 || total
-------------------------+-------+-------+-------+-------++-------
Melee: Flail             |   104 |    11 |       |       ||   115
       Mace              |       |   171 |   165 |       ||   336
       Whip              |       |       |   206 |       ||   206
       Hand axe          |       |       |    93 |    82 ||   175
Throw: Dart              |     2 |       |     8 |       ||    10
       Stone             |       |       |       |     2 ||     2
Invok: Divine Shield     |       |       |       |     1 ||     1
Evoke: Wand              |       |       |     4 |       ||     4
  Use: Potion            |       |     2 |     4 |     5 ||    11
       Scroll            |       |       |     7 |     4 ||    11
Armor: Scale mail        |    37 |    10 |       |       ||    47
       Chain mail        |       |    97 |   215 |    19 ||   331
       Skin              |       |       |    15 |       ||    15
Dodge: Dodged            |    43 |    65 |    79 |     6 ||   193
Block: Buckler           |    20 |    31 |    11 |       ||    62
       Tower shield      |       |       |   357 |    87 ||   444
       Reflection        |       |       |       |     4 ||     4
